 Dungeon Crawl Stone Soup version 0.19.1-1-g22dce08 (webtiles) character file.

1497 nono2 the Slinger (level 9, -6/73 HPs)
             Began as a Halfling Fighter on Jan 16, 2017.
             Was a Follower of Okawaru.
             Mangled by an orc warrior
             ... wielding a +0 trident
              (10 damage)
             ... on level 6 of the Dungeon.
             The game lasted 00:23:19 (5916 turns).

nono2 the Slinger (Halfling Fighter)                Turns: 5916, Time: 00:23:20

Health: -6/73      AC: 14    Str: 31    XL:     9   Next: 8%
Magic:  8/9        EV: 12    Int:  6    God:    Okawaru [*.....]
Gold:   189        SH:  6    Dex: 14    Spells: 0 memorised, 8 levels left

rFire  + . .     SeeInvis .     a - +0 long sword
rCold  . . .     Gourm    .     M - +6 scale mail of Qazlal's Indignation {-Tele rPois MR+}
rNeg   . . .     Faith    .     G - +0 buckler of Tempters {rPois Str+6}
rPois  +         Spirit   .     (no helmet)
rElec  .         Reflect  .     (no cloak)
rCorr  .         Harm     .     r - +0 pair of gloves
MR     +....     NoTele   +     (no boots)
Stlth  ..........               (no amulet)
                                y - ring of protection from fire
                                t - ring of poison resistance

@: berserking, very quick
A: frail 1, mutation resistance 1
a: Heroism, Renounce Religion


You were on level 6 of the Dungeon.
You worshipped Okawaru.
Okawaru was aware of your devotion.
You were not hungry.

You visited 2 branches of the dungeon, and saw 8 of its levels.
You also visited: Sewer.

You collected 405 gold pieces.
You spent 216 gold pieces at shops.

Inventory:

Hand Weapons
 a - a +0 long sword (weapon)
 b - a +4 hunting sling of freezing
 n - a +0 dagger of speed
 o - a +0 dagger
Missiles
 w - 35 sling bullets
Armour
 c - a +1 shield
 r - a +0 pair of gloves (worn)
 v - a +0 scale mail
 G - the +0 buckler of Tempters (worn) {rPois Str+6}
   (You found it on level 4 of the Dungeon)

   It affects your strength (+6).
   It protects you from poison.
 M - the +6 scale mail of Qazlal's Indignation (worn) {-Tele rPois MR+}
   (You bought it in a shop on level 5 of the Dungeon)

   It protects you from poison.
   It affects your resistance to hostile enchantments.
   It prevents most forms of teleportation.
Jewellery
 t - a ring of poison resistance (left hand)
 y - a ring of protection from fire (right hand)
Wands
 D - a wand of flame (24/48)
Scrolls
 g - 2 scrolls of amnesia
 h - a scroll of fear {unknown}
 j - 2 scrolls of enchant armour
 q - a scroll of fog {unknown}
 u - 3 scrolls of remove curse
 A - 3 scrolls of teleportation {unknown}
 C - a scroll of immolation {unknown}
 H - 2 scrolls of recharging {unknown}
 K - a scroll of noise {unknown}
 L - a scroll of blinking {unknown}
 O - a scroll of silence {unknown}
Potions
 d - a potion of might
 i - a potion of flight
 m - a potion of heal wounds {unknown}
 x - a potion of cure mutation {unknown}
 B - a potion of resistance
 E - a potion of brilliance
 F - a potion of curing
 I - a potion of lignification {unknown}
 J - a potion of haste {unknown}
Comestibles
 f - 5 bread rations
 l - a fruit
 p - 4 meat rations
 s - 2 slices of pizza
 z - a royal jelly


   Skills:
 - Level 2.6 Fighting
 - Level 6.0 Long Blades
 + Level 11.1 Slings
 + Level 4.5 Armour
 - Level 4.4 Shields


You had 8 spell levels left.
You didn't know any spells.

Dungeon Overview and Level Annotations

Branches:
Dungeon (7/15)             Temple (1/1) D:5

Altars:
Cheibriados
Dithmenos
Elyvilon
Gozag
Makhleb
Okawaru
Qazlal
Sif Muna
Yredelemnul
The Shining One

Shops:
D:5 [

Annotations:
D:3 ADDA's ghost, amateur DsMo
D:7 Menkaure


Innate Abilities, Weirdness & Mutations

You are small and have problems with some larger weapons.
You are somewhat resistant to further mutation.
You are frail. (-10% HP)


Message History

* * * LOW HITPOINT WARNING * * *
You hit the orc warrior but do no damage.
The orc warrior is almost dead.
The centaur skeleton hits you but does no damage.
The orc warrior hits you with a trident!
* * * LOW HITPOINT WARNING * * *
It was a potion of berserk rage.
A red film seems to cover your vision as you go berserk!
You feel yourself moving faster!
You feel mighty!
The centaur skeleton closely misses you.
The centaur skeleton hits you but does no damage.
You block the orc warrior's attack.
You hit the orc warrior but do no damage.
The orc warrior is almost dead.
The centaur skeleton hits you.
* * * LOW HITPOINT WARNING * * *
You hit the orc warrior.
The orc warrior is almost dead.
The orc warrior hits you with a trident!
You die...

...........................o.....
.######........#.#.#.#..#.####.##
..........................# #.#
.######.######.#.#.###..#.####.##
.#...##........................[#
........>..........#...........##
.#...##...##...#...#.#..#.#.#..#
...................#.#..#.#.#..#
.............<.o@...........#h.#
..#.##....###..#Z.......#)..#..#
..#.##....###..#...#.#......#..#
..............##............#..#
..........##...#..........#....##
....##...###...#...#.#..........#
.............<.......(<...#.#...#
........[##...##...#####.(#.#...#
#...##...##...##...!)......##...#


You could see an orc warrior and a centaur skeleton.

Vanquished Creatures
  Joseph (D:7)
  3 centaurs
  2 ogres
  A crocodile (Sewer)
  2 bullfrogs
  A scorpion (D:5)
  A howler monkey (D:6)
  A crimson imp (D:5)
  A hound (D:5)
  A jelly (D:5)
  An orc priest (D:5)
  Jessica (D:3)
  Terence (D:3)
  An iguana (D:7)
  2 worker ants
  An orc wizard (D:5)
  Robin (D:3)
  4 gnolls
  7 adders
  A shadow imp (D:4)
  2 oozes
  An adder zombie (D:5)
  An adder skeleton (D:5)
  4 worms
  2 leopard geckos
  4 orcs
  6 giant cockroaches
  16 goblins
  8 hobgoblins
  8 jackals
  8 kobolds
  3 quokkas
  2 ball pythons
  9 bats
  2 frilled lizards
  6 rats
116 creatures vanquished.

Notes
Turn   | Place    | Note
-------+----------+-------------------------------------------
     0 | D:1      | nono2 the Halfling Fighter began the quest for the Orb.
     0 | D:1      | Reached XP level 1. HP: 15/15 MP: 1/1
    80 | D:1      | Reached XP level 2. HP: 17/20 MP: 2/2
   678 | D:2      | Reached XP level 3. HP: 15/25 MP: 3/3
   736 | D:2      | Reached XP level 4. HP: 8/30 MP: 4/4
  1323 | D:3      | Noticed Robin
  1340 | D:3      | Killed Robin
  1347 | D:3      | Reached XP level 5. HP: 26/35 MP: 5/5
  1505 | D:3      | Found an opulent altar of Gozag.
  1510 | D:3      | Noticed ADDA's ghost (amateur DsMo)
  1652 | D:3      | Reached skill level 1 in Slings
  1665 | D:3      | Noticed Jessica
  1673 | D:3      | Killed Jessica
  1673 | D:3      | Reached skill level 2 in Slings
  1721 | D:3      | Noticed Terence
  1736 | D:3      | Killed Terence
  1736 | D:3      | Reached skill level 3 in Slings
  1950 | D:4      | Reached skill level 4 in Slings
  1953 | D:4      | Noticed a phantom
  2013 | D:4      | Reached XP level 6. HP: 30/41 MP: 6/6
  2348 | D:4      | Got a smoking buckler
  2349 | D:4      | Identified the +0 buckler of Tempters {rPois Str+6} (You found it on level 4 of the Dungeon)
  2364 | D:4      | Found a basalt altar of Yredelemnul.
  2573 | D:4      | Noticed an ogre
  2576 | D:4      | Killed an ogre
  2576 | D:4      | Reached skill level 5 in Slings
  2799 | D:5      | Entered Level 5 of the Dungeon
  2811 | D:5      | Reached skill level 6 in Slings
  2819 | D:5      | Found a glowing drain.
  2876 | Sewer    | Entered a sewer
  2919 | Sewer    | Reached skill level 7 in Slings
  2919 | Sewer    | Reached XP level 7. HP: 35/45 MP: 7/7
  3144 | D:5      | Found an iron altar of Okawaru.
  3153 | D:5      | Reached skill level 8 in Slings
  3234 | D:5      | Found a staircase to the Ecumenical Temple.
  3707 | Temple   | Entered the Ecumenical Temple
  3798 | D:5      | Became a worshipper of Warmaster Okawaru
  4012 | D:5      | Found a white marble altar of Elyvilon.
  4018 | D:5      | Reached skill level 9 in Slings
  4018 | D:5      | Reached XP level 8. HP: 51/51 MP: 8/8
  4188 | D:5      | Found Anukuado's Antique Armour Emporium.
  4195 | D:5      | Bought a scorched scale mail for 216 gold pieces
  4197 | D:5      | Identified the +6 scale mail of Qazlal's Indignation {-Tele rPois MR+} (You bought it in a shop on level 5 of the Dungeon)
  4859 | D:5      | Reached skill level 5 in Long Blades
  5073 | D:7      | Noticed Joseph
  5087 | D:7      | Reached skill level 10 in Slings
  5093 | D:7      | Noticed Menkaure
  5110 | D:7      | Killed Joseph
  5110 | D:7      | Reached * piety under Okawaru
  5132 | D:6      | HP: 2/51 [orc warrior/trident (13)]
  5470 | D:5      | Gained mutation: You are frail. (-10% HP) [potion of mutation]
  5579 | D:6      | Reached skill level 11 in Slings
  5579 | D:6      | Reached XP level 9. HP: 38/49 MP: 9/9
  5916 | D:6      | Mangled by an orc warrior

Skill      XL: |  1  2  3  4  5  6  7  8 |
---------------+-------------------------+-----
Shields        | 4 |  4.4
Long Blades    | 3 4 6 |  6.0
Armour         | 4 |  4.5
Slings         | 4 7 9 11 | 11.1
Fighting       | |  2.6

Action                   |  1- 3 |  4- 6 |  7- 9 || total
-------------------------+-------+-------+-------++-------
Melee: Long sword        |    28 |   168 |   188 ||   384
       Dagger            |    43 |     8 |       ||    51
 Fire: Hunting sling     |       |    15 |    31 ||    46
Invok: Heroism           |       |       |     1 ||     1
Evoke: Wand              |       |       |     2 ||     2
  Use: Scroll            |       |     5 |     2 ||     7
       Potion            |       |     1 |     6 ||     7
  Eat: Chunk             |       |     7 |     5 ||    12
       Bread ration      |       |       |     1 ||     1
Armor: Scale mail        |     7 |    72 |   115 ||   194
Dodge: Dodged            |    20 |    86 |   152 ||   258
Block: Shield            |    27 |    97 |       ||   124
       Buckler           |       |    19 |   106 ||   125
       Rpst.: Long sword |     5 |    24 |    36 ||    65
